[Event "*** Titled Tuesday Blitz"]
[Site "Chess.com"]
[Date "2020.12.29"]
[Round "2"]
[White "AlanZhang"]
[Black "elamier"]
[Result "0-1"]
[WhiteElo "2166"]
[BlackElo "2410"]
[TimeControl "180+1"]
[EndTime "10:19:02 PST"]
[Termination "elamier won by resignation"]

1. e4 c5 2. Nf3 e6 3. d4 cxd4 4. Nxd4 Nf6 5. Bd3 Nc6 6. Nb3 d5 7. exd5 exd5 8. O-O Be7 9. a4 O-O 10. Nc3 Re8 11. Bf4 a6 12. Kh1 Nb4 13. a5 Nxd3 14. Qxd3 Be6 15. Nd4 Bg4 16. h3 Bh5 17. Bh2 Bg6 18.
Nf5 Bb4 19. Qf3 Ne4 20. Nxe4 dxe4 21. Qf4 Qc8 22. c3 Qxf5 23. Qxf5 Bxf5 24. cxb4 Rac8 25. Rac1 Be6 26. Rc7 Rxc7 27. Bxc7 Rc8 28. Rc1 f5 29. Kg1 Kf7 30. Kf1 g5 31. Rc5 Ke7 32. Ke2 Kd7 33. Be5 Rxc5 34. bxc5 Kc6 35. b4 Kb5 36. Bc3 Kc4 37. Be1 f4 38. f3 e3 39. h4 h6 40.
h5 Bf7 41. g3 Bxh5 42. gxf4 gxf4 43. Bh4 Bg6 44. Be7 Bd3+ 45. Ke1 h5 46. Bd6 e2 47.
Bxf4 Kxb4 48. Bd6 Kxa5 49. f4 Kb5 50. f5 Bxf5 51. Kxe2 h4 52. Kf2 h3 53. Kg3 Kc6 54. Bf8 a5 55. Be7 a4 56. Bf8 a3 57. Bg7 a2 58. Bd4 Kd5 59. Ba1 Kxc5 0-1

[Event "*** Titled Tuesday Blitz"]
[Site "Chess.com"]
[Date "2020.12.29"]
[Round "2"]
[White "sotochess"]
[Black "maciek_92"]
[Result "0-1"]
[WhiteElo "2515"]
[BlackElo "2771"]
[TimeControl "180+1"]
[EndTime "10:19:03 PST"]
[Termination "maciek_92 won by resignation"]

1. e4 c5 2. Nf3 Nc6 3. Bb5 Qb6 4. Nc3 e6 5. O-O Nge7 6. Re1 Nd4 7. Bc4 g6 8. d3 Bg7 9. a4 O-O 10. e5 d5 11.
exd6 Nef5 12. a5 Qxd6 13. Ne4 Qc7 14. c3 Nc6 15. Qa4 Ne5 16. Nxe5 Bxe5 17. h3 Bd7 18. Qa3 Rac8 19. Bg5 Kg7 20. g4 Nd6 21. Be7 Rfe8 22. Bxd6 Bxd6 23. Nxd6 Qxd6 24. Re3 Qf4 25. Rae1 h5 26. Re4 Qf6 27. gxh5 Rh8 28. Re5 Rxh5 29. Rxh5 gxh5 30. Re3 h4 31. Kf1 Qg5 32. Ke1 Bc6 33. Qb3 Rd8 34. Bb5 Qg1+ 35. Ke2 Bg2 36. Qc4 Bf1+ 37.
Kf3 Qg2+ 38. Kf4 Rd5 39. Qe4 Qg5+ 40. Kf3 Bg2+ 41. Ke2 Bxe4 42. dxe4 Rd8 43. Bc4 Qf4 44. b3 Kf6 45. b4 Ke5 46. b5 b6 47. a6 Rg8 48.
Bd3 Rg2 49. Rf3 Rh2 50. Rxf4 Kxf4 51. e5 Kxe5 52. Ke3 Rxh3+ 53. f3 Rg3 54. Bf1 f5 55. Kf2 f4 56. Bg2 h3 57. Bh1 Kd5 58. c4+ Kxc4 59.
Bg2 Kxb5 60. Bxh3 Kxa6 61. Bxe6 Kb5 62. Bc4+ Kxc4 63. Ke2 Kc3 64. Kf2 Kd2 0-1

[Event "*** Titled Tuesday Blitz"]
[Site "Chess.com"]
[Date "2020.12.29"]
[Round "2"]
[White "scabies1"]
[Black "Harry_Rakkel"]
[Result "0-1"]
[WhiteElo "2321"]
[BlackElo "2641"]
[TimeControl "180+1"]
[EndTime "10:19:03 PST"]
[Termination "Harry_Rakkel won by resignation"]

1. e4 c5 2. Nf3 e6 3. d4 cxd4 4. Nxd4 Nc6 5. Nc3 Qc7 6. Be3 a6 7. Qd2 Nf6 8. f3 Bb4 9. O-O-O O-O 10. g4 b5 11. g5 Ne8 12. h4 Ne5 13. Kb1 Bxc3 14.
Qxc3 Qxc3 15. bxc3 Bb7 16. Be2 Rc8 17. Kb2 Nd6 18.
Bc1 Ndc4+ 19. Ka1 Nb6 20. Ba3 Rfd8 21. Be7 Re8 22. Bb4 d5 23. f4 Nec4 24. e5 a5 25. Bd6 Ba6 26. Rb1 Na4 27. Nxb5 Bxb5 28. Rxb5 Nxc3 29. Bxc4 Rxc4 30. Rxa5 Rxf4 31. Rh3 d4 32. Rh1 g6 33. h5 gxh5 34. Rc5 h4 35. Rc4 Ra8 36. a3 Rxa3+ 37. Bxa3 Kg7 38. Be7 Kg6 39. Bf6 Nd5 40. Kb2 Ne3 41. Ra4 Nf5 42. Ra7 Rf2 43. Rc7 d3 44. Kc1 d2+ 45. Kb2 Ne3 46. Rd7 h3 47. Rxh3 d1=Q 48. Rh6+ Kf5 49. Rxd1 Nxd1+ 50. Kc1 Ne3 51. Rxh7 Rxc2+ 52. Kb1 Rc7 53. g6 Kxg6 54. Rg7+ Kf5 55. Rg3 Ke4 56. Rh3 Nd5 57. Rh4+ Kf5 58. Rh5+ Kg6 59. Rg5+ Kh6 60.
Rg3 Nxf6 61. exf6 e5 62. Kb2 Rc6 63. Re3 Re6 64. Kc3 Kg6 65. Kd3 Kxf6 66. Ke4 Ra6 67. Rb3 Ra4+ 68. Ke3 Kf5 0-1

[Event "*** Titled Tuesday Blitz"]
[Site "Chess.com"]
[Date "2020.12.29"]
[Round "2"]
[White "petrpalachev"]
[Black "ural58"]
[Result "1-0"]
[WhiteElo "2700"]
[BlackElo "2394"]
[TimeControl "180+1"]
[EndTime "10:19:06 PST"]
[Termination "petrpalachev won by resignation"]

1. d4 d5 2. Nf3 Nc6 3. h3 Bf5 4.
c3 e6 5. Bf4 Bd6 6. e3 Nge7 7.
Bd3 O-O 8. O-O a6 9. a4 Rc8 10. Na3 Bxd3 11. Qxd3 Ng6 12. Bxd6 cxd6 13. e4 dxe4 14. Qxe4 Na5 15. g3 Qd7 16. Nc2 Nc4 17. Ra2 e5 18. dxe5 dxe5 19. h4 f5 20. Qe2 e4 21.
Nfd4 Nge5 22. Ne3 Nxe3 23. Qxe3 Qf7 24. Raa1 h6 25. Rad1 Qg6 26. Rfe1 Rcd8 27. Kg2 Kh7 28. f3 f4 29. Qxe4 Qxe4 30. Rxe4 Nc4 31. Rde1 Nxb2 32. Ne6 Rd2+ 33. R1e2 Rxe2+ 34. Rxe2 Re8 35. Ng5+ hxg5 36. Rxe8 Nxa4 37. hxg5 fxg3 38. Rb8 b5 39. Ra8 Kg6 40. Rxa6+ Kxg5 41. Rc6 Kf4 42. c4 b4 43. Ra6 Nc5 44.
Rb6 Nd3 45. c5 Ne1+ 46. Kf1 g2+ 47. Kf2 g1=Q+ 48. Kxg1 Nxf3+ 49. Kf2 Ne5 50. c6 Nd3+ 51. Ke2 Ke4 52. c7 Nf4+ 53. Kd2 Nd5 54. Re6+ Kf5 55. c8=Q 1-0

[Event "*** Titled Tuesday Blitz"]
[Site "Chess.com"]
[Date "2020.12.29"]
[Round "2"]
[White "Koksal06"]
[Black "Roza_Idrisova"]
[Result "1-0"]
[WhiteElo "2412"]
[BlackElo "2168"]
[TimeControl "180+1"]
[EndTime "10:19:06 PST"]
[Termination "Koksal06 won on time"]

1. d4 d5 2. c4 c6 3. Nc3 Nf6 4. Nf3 a6 5. a4 e6 6. Bg5 Be7 7. e3 a5 8. Bd3 Na6 9. O-O Nb4 10. Qe2 b6 11. e4 Ba6 12. b3 O-O 13. Rac1 c5 14. dxc5 dxe4 15. Bxe4 Nxe4 16. Nxe4 Bxg5 17. Nfxg5 Qd3 18. Qxd3 Nxd3 19. Rcd1 Nxc5 20. Nxc5 bxc5 21. Ne4 Rfc8 22. Rd6 Bb7 23. Nc3 Rc7 24. Rfd1 Kf8 25. Nb5 Rcc8 26. Rb6 Bc6 27. Rd6 Be8 28. f3 Rd8 29.
Kf2 Rxd6 30. Nxd6 Ke7 31. Nxe8 Kxe8 32. Rb5 Kd7 33. Rxc5 Kd6 34. Rb5 Kc6 35. Ke3 Ra7 36.
Kd4 f6 37. c5 Rd7+ 38. Kc4 Rd2 39. Rxa5 Rc2+ 40. Kb4 Rxg2 41. Ra6+ Kb7 42. Rxe6 f5 43. a5 g5 44. Re7+ Kc6 45. Rxh7 Rf2 46. Rh6+ Kd5 47.
Rd6+ Ke5 48. a6 Ra2 49. Kb5 Kf4 50.
Rd4+ Kxf3 51. Ra4 Re2 52. a7 Re8 53. a8=Q+ Rxa8 54. Rxa8 f4 55. Rg8 Kg4 56. c6 f3 57.
c7 f2 58. c8=Q+ Kf3 59. Rf8+ Kg2 60. Qg4+ 1-0

[Event "*** Titled Tuesday Blitz"]
[Site "Chess.com"]
[Date "2020.12.29"]
[Round "2"]
[White "VladaSviridova"]
[Black "BigAl"]
[Result "0-1"]
[WhiteElo "2257"]
[BlackElo "2456"]
[TimeControl "180+1"]
[EndTime "10:19:07 PST"]
[Termination "BigAl won by resignation"]

1. d4 Nf6 2. c4 g6 3. Nc3 Bg7 4. e4 O-O 5. Nf3 d6 6. Be2 Bg4 7. Be3 Nbd7 8. Rc1 e5 9. d5 a5 10.
O-O b6 11. a3 Nh5 12. Qd2 Nc5 13.
Rb1 Nb3 14. Qd1 Nc5 15. b4 Nd7 16. Nd2 Bxe2 17. Nxe2 Nf4 18. Nxf4 exf4 19. Bxf4 axb4 20. axb4 Re8 21. Bg3 Ra2 22. Re1 h5 23. h3 h4 24.
Bf4 Ne5 25. Qb3 Qa8 26. Nf3 Ra3 27. Qd1 Nd3 28. Bg5 Nxe1 29. Qxe1 f5 30. e5 dxe5 31. Nxh4 Kh7 32. Qe2 e4 33. Be3 Ra2 34. Qd1 Bf6 35. g3 Ra1 36. Ng2 Rxb1 37. Qxb1 Qa1 38. Qxa1 Bxa1 39.
Nf4 Be5 40. Ne6 Ra8 41. Kg2 Ra1 42. h4 Rd1 43. Nd8 b5 44. cxb5 Rxd5 45. Nc6 Rxb5 46. Nxe5 Rxe5 47. Bf4 Re7 48. b5 Kg7 49. Kf1 Kf7 50.
Ke2 Rd7 51. Ke3 Ke6 52. Ke2 Kd5 53. Be3 Kc4 54. b6 c5 55. Kf1 Rb7 56. Kg2 Rxb6 57. g4 fxg4 58. Kg3 Rc6 59. Kxg4 Kd3 60. Kg5 c4 61. Kf4 c3 62. Ke5 c2 63. Bc1 Rc8 64. Kd5 Rf8 65. Ke5 Rxf2 0-1

[Event "*** Titled Tuesday Blitz"]
[Site "Chess.com"]
[Date "2020.12.29"]
[Round "2"]
[White "Babujj"]
[Black "Sharpchess22"]
[Result "0-1"]
[WhiteElo "2529"]
[BlackElo "2812"]
[TimeControl "180+1"]
[EndTime "10:19:08 PST"]
[Termination "Sharpchess22 won by resignation"]

1. e4 e5 2. Nf3 Nc6 3. Bb5 a6 4. Ba4 Nf6 5. O-O Be7 6. Re1 b5 7. Bb3 d6 8. c3 O-O 9. h3 Bb7 10. d4 Nd7 11. Nbd2 Bf6 12. Nf1 Nb6 13. Ng3 g6 14. Nh2 exd4 15. Ng4 dxc3 16. bxc3 Bxc3 17. Bh6 Bg7 18. Qd2 Bxa1 19. Rxa1 Ne5 20. Bg5 Nbc4 21.
Qf4 f6 22. Nxf6+ Kh8 23. Qh4 Qe7 24. Nd5 Qg7 25. Bh6 Qf7 26. Bxf8 Rxf8 27. Rf1 Bxd5 28. exd5 Qxd5 29. Bc2 Qf7 30. f4 Nd7 31. f5 g5 32.
Qxg5 Nf6 33. Qh4 Ne3 34. Bb3 Qg7 35. Rf3 Nc4 36. Bxc4 bxc4 37. Qxc4 a5 38. Qb5 Nd7 39. Qxa5 Ne5 40. Rb3 Qf7 41. Rb7 Qg7 42. Rb3 c5 43.
Qa6 c4 44. Re3 Qc7 45. Qa3 Qb6 46. Kh2 Rg8 47. Qc3 Qc6 48. Rxe5 dxe5 49. Qxe5+ Rg7 50.
Qb8+ Rg8 51. Qe5+ Rg7 52. Nh5 Qc7 53. Qxc7 Rxc7 54. Ng3 c3 55. Ne2 c2 56. Nc1 Rb7 57. f6 Rb1 58. Nd3 Rd1 59. f7 Kg7 0-1

[Event "*** Titled Tuesday Blitz"]
[Site "Chess.com"]
[Date "2020.12.29"]
[Round "2"]
[White "rynos0411"]
[Black "Anna_ChessMate"]
[Result "0-1"]
[WhiteElo "2315"]
[BlackElo "2549"]
[TimeControl "180+1"]
[EndTime "10:19:08 PST"]
[Termination "Anna_ChessMate won by checkmate"]

1. d4 d5 2. c4 c6 3. Nc3 Nf6 4.
Nf3 dxc4 5. a4 Bf5 6. Ne5 Nbd7 7. Nxc4 Qc7 8. e3 e5 9. Be2 Bb4 10. O-O O-O 11. d5 cxd5 12. Nxd5 Nxd5 13. Qxd5 Be6 14. Qe4 f5 15. Qh4 e4 16. b3 Bc3 17. Rb1 Bf6 18. Qg3 Qd8 19. Bb2 Bxb2 20. Rxb2 Qf6 21. Rc2 Nc5 22.
Qc7 Rac8 23. Qa5 f4 24. exf4 Qxf4 25. Ne3 Nxb3 26. Qxa7 Ra8 27. Qxb7 Nd4 28. Rd2 Rxa4 29. Qb2 Nxe2+ 30. Rxe2 Ra2 31. Qxa2 Bxa2 32. Rxa2 h6 33.
Re2 Rd8 34. Rfe1 Rd4 35. h3 Ra4 36. Nd5 Qe5 37. Ne3 Kh7 38. Ng4 Qf4 39. Ne3 h5 40.
Rd1 Qc7 41. Rd5 g6 42. Red2 Kh6 43. h4 Qf4 44. g3 Qf7 45. Rd6 Ra1+ 46. Rd1 Ra2 47.
R1d2 Rxd2 48. Rxd2 Qb3 49. Kg2 Kg7 50. Rd4 Qb7 51.
Nc4 e3+ 52. f3 Qb3 53. Re4 Qc2+ 54. Kh3 Qd1 55. Kg2 Qe2+ 56. Kh3 Qxf3 57. Rxe3 Qh1# 0-1

[Event "*** Titled Tuesday Blitz"]
[Site "Chess.com"]
[Date "2020.12.29"]
[Round "2"]
[White "jacky72"]
[Black "geordie_derraugh"]
[Result "1-0"]
[WhiteElo "2810"]
[BlackElo "2529"]
[TimeControl "180+1"]
[EndTime "10:19:09 PST"]
[Termination "jacky72 won on time"]

1. d4 Nf6 2. c4 e6 3. Nf3 Bb4+ 4. Bd2 a5 5. Nc3 b6 6. e3 Bb7 7. Bd3 O-O 8. O-O d6 9. Re1 Nbd7 10. e4 e5 11. a3 Bxc3 12. Bxc3 exd4 13. Nxd4 Nc5 14. f3 a4 15. Bc2 Ba6 16. Bd3 Re8 17. Bf1 Nfd7 18.
Qd2 Ne5 19. Nf5 Ne6 20. Ne3 Qg5 21. Kh1 Nc5 22. Rad1 Nb3 23. Qf2 Bb7 24. f4 Ng4 25. Qg3 Qg6 26. f5 Qg5 27. Nxg4 Bxe4 28. f6 h5 29. Nf2 Qxg3 30. hxg3 Bf5 31. fxg7 Nc5 32. Be2 Bg6 33. Bf3 Rad8 34. Bc6 Rxe1+ 35. Rxe1 Ne6 36. Nh3 Nxg7 37. Re7 Nf5 38. Rxc7 Nxg3+ 39. Kh2 Ne2 40. Bf6 Rb8 41. Ng5 Nf4 42. g3 Nd3 43. Bd5 Rf8 44. Be7 Re8 45. Bc6 Rb8 46. Bxd6 Nxb2 47. Bd5 Rd8 48. Nxf7 Bxf7 49. Rxf7 Rxd6 50. Rf6+ Rxd5 51.
cxd5 Nc4 52. Rc6 Nxa3 53. Rxb6 Kf7 54. Ra6 Nc4 55. Rxa4 Ne3 56. Rf4+ Kg6 57. d6 1-0

[Event "*** Titled Tuesday Blitz"]
[Site "Chess.com"]
[Date "2020.12.29"]
[Round "2"]
[White "MFBerna"]
[Black "MasterMK73"]
[Result "1-0"]
[WhiteElo "2457"]
[BlackElo "2264"]
[TimeControl "180+1"]
[EndTime "10:19:09 PST"]
[Termination "MFBerna won on time"]

1. d4 d5 2. c4 e6 3. Nc3 c6 4. e3 Nf6 5. Nf3 Nbd7 6. Bd3 dxc4 7. Bxc4 b5 8. Bd3 Bd6 9. O-O O-O 10. Qe2 e5 11. b3 Qe7 12. dxe5 Nxe5 13. Bb2 Bg4 14.
Bc2 Nxf3+ 15. gxf3 Qe5 16. f4 Bxe2 17. fxe5 Bxe5 18.
Nxe2 Bxb2 19. Rad1 Rad8 20. Kg2 Nd5 21. Kf3 Bf6 22. Be4 Ne7 23. Rc1 Rd6 24. Rc2 Rc8 25. Rfc1 a5 26. Nf4 g6 27. Nd3 Bg7 28. Ke2 f5 29. Bf3 Rcd8 30. Nc5 Rb8 31. a4 bxa4 32.
bxa4 Rb2 33. Rxb2 Bxb2 34. Rb1 Bc3 35. Rb7 Kf7 36. Nd3 Kf6 37. Rb3 Be5 38. h3 g5 39. Rb7 Bc3 40. Rb3 Be5 41. Rb7 Bc3 42.
Rb8 Ng6 43. Rb6 g4 44. hxg4 fxg4 45. Bxg4 Rxd3 46. Kxd3 Ne5+ 47. Kxc3 Nxg4 48. Rxc6+ Kg5 49. Rc5+ Kg6 50. Rxa5 h5 51. Ra8 Kg7 52. a5 h4 53.
a6 h3 54. a7 h2 55. Rh8 1-0

[Event "*** Titled Tuesday Blitz"]
[Site "Chess.com"]
[Date "2020.12.29"]
[Round "2"]
[White "AniJak"]
[Black "Borsuk_Konstantin"]
[Result "1-0"]
[WhiteElo "2352"]
[BlackElo "2629"]
[TimeControl "180+1"]
[EndTime "10:19:10 PST"]
[Termination "AniJak won by checkmate"]

1. e4 e6 2. d4 d5 3. Nd2 Nf6 4. e5 Nfd7 5. Bd3 c5 6. c3 Nc6 7.
Ne2 b6 8. O-O cxd4 9. cxd4 Nb4 10. Bb1 Ba6 11. Nf3 Qc7 12. a3 Nc6 13. Re1 Rc8 14. Bf4 Na5 15. Nc3 Bc4 16. Bd3 Qb7 17.
Nb5 a6 18. Nd6+ Bxd6 19. exd6 Nf6 20. Ne5 O-O 21. Bg5 Nd7 22. Be7 Nxe5 23. dxe5 Rfe8 24. Bxh7+ Kxh7 25. Qh5+ Kg8 26. Re3 Be2 27. Qxe2 Rxe7 28. dxe7 Qxe7 29. Qxa6 Qc7 30. h3 Rd8 31. Qd3 Nc4 32. Rg3 Nxe5 33. Qe3 Nc4 34. Qg5 f6 35. Qxf6 Re8 36. Qg5 Nd6 37. Rc1 Qd7 38. Qg4 Nf5 39.
Rf3 Qd6 40. Qf4 Qd7 41. Rc7 Qd8 42. Rb7 Re7 43. Rxe7 Qxe7 44. g4 Nd6 45. Rc3 Kh7 46. Qg3 e5 47. g5 d4 48. g6+ Kh6 49. Rf3 Ne4 50. Qg4 Nd6 51. h4 e4 52. Rf8 e3 53.
Rh8# 1-0

[Event "*** Titled Tuesday Blitz"]
[Site "Chess.com"]
[Date "2020.12.29"]
[Round "2"]
[White "NeverW84M8"]
[Black "Sergienko_Sergey"]
[Result "1-0"]
[WhiteElo "2502"]
[BlackElo "2309"]
[TimeControl "180+1"]
[EndTime "10:19:10 PST"]
[Termination "NeverW84M8 won by resignation"]

1. d4 Nf6 2. c4 c5 3. d5 e5 4. Nc3 d6 5. e4 Be7 6. g3 Nbd7 7.
Bg2 O-O 8. Nf3 Ne8 9. O-O g6 10. Ne1 Ng7 11. Nd3 f5 12. f4 Bf6 13. exf5 gxf5 14.
Rb1 e4 15. Ne1 a6 16. Nc2 b5 17. cxb5 axb5 18. Nxb5 Qb6 19. Nba3 Ba6 20. Re1 Rfb8 21. Bf1 Bxf1 22. Kxf1 Qa6+ 23. Qe2 Nb6 24. Qxa6 Rxa6 25.
Rd1 Kf7 26. Ne3 Kg6 27. b3 Ne8 28. Rd2 Nc7 29. Nac4 Bd4 30. Bb2 Nxc4 31. Nxc4 Rxa2 32.
Bc1 Rxd2 33. Bxd2 Nb5 34. Ba5 Kf6 35. Nxd6 Nxd6 36. Bc7 Rb7 37. Bxd6 Rd7 38. Bf8 Rxd5 39. b4 c4 40. b5 Rd8 41. Ba3 Rb8 42. Ke2 Ke6 43.
Rb4 Kd5 44. b6 Bc5 45. Rb5 Rxb6 46. Rxc5+ Kd4 47. Rc8 Rb3 48. Bc5+ Kd5 49. Be3 Rb2+ 50. Ke1 Rxh2 51. Rc5+ Ke6 52. Rxc4 h5 53. Rc6+ Ke7 54. Rh6 Kf7 55. Kf1 Kg7 56. Re6 h4 57. gxh4 Rxh4 58. Bd4+ Kh7 59. Be5 Rh2 60. Rf6 e3 61. Rxf5 1-0

[Event "*** Titled Tuesday Blitz"]
[Site "Chess.com"]
[Date "2020.12.29"]
[Round "2"]
[White "garicradomir"]
[Black "yobdc"]
[Result "0-1"]
[WhiteElo "2271"]
[BlackElo "2466"]
[TimeControl "180+1"]
[EndTime "10:19:10 PST"]
[Termination "yobdc won by resignation"]

1. e4 c6 2. d4 d5 3. e5 Bf5 4. Bd3 Bxd3 5. Qxd3 e6 6. Ne2 Ne7 7. O-O c5 8. c3 Nbc6 9. Nd2 Nf5 10. Nf3 Be7 11. g4 Nh4 12. Nxh4 Bxh4 13. f4 Be7 14. f5 cxd4 15. cxd4 Qb6 16. Be3 O-O-O 17. Rac1 Kb8 18. a3 Rc8 19. b4 h6 20. Nf4 Bg5 21. Rc5 Bxf4 22.
Bxf4 Ne7 23. Rfc1 Rxc5 24. dxc5 Qd8 25. b5 Ka8 26. c6 bxc6 27. bxc6 Qc7 28. f6 gxf6 29. Qd4 f5 30. Qc5 fxg4 31. Be3 Rc8 32. Qd6 Nf5 33. Qc5 h5 34. Bf2 h4 35. Rb1 g3 36. Rb7 gxf2+ 37. Kxf2 Qxb7 38. cxb7+ Kxb7 39. Qb5+ Ka8 40. Qd7 Kb8 41. Qxf7 Rc2+ 42. Kf3 Rxh2 43. Qe8+ Kb7 44. Qf7+ Kb8 45. Qe8+ Kb7 46. Qd7+ Kb8 47. Qd8+ Kb7 48. Qd7+ Kb8 49. Kf4 Rf2+ 50. Kg5 h3 51. Qe8+ Kb7 52. Qxe6 Nd4 53. Qd7+ Kb6 54. Qd6+ Nc6 55.
Qxd5 h2 56. Qb3+ Kc7 57. Qf7+ Rxf7 0-1

[Event "*** Titled Tuesday Blitz"]
[Site "Chess.com"]
[Date "2020.12.29"]
[Round "2"]
[White "Chopper1905"]
[Black "AlleyOoper"]
[Result "0-1"]
[WhiteElo "2920"]
[BlackElo "2605"]
[TimeControl "180+1"]
[EndTime "10:19:12 PST"]
[Termination "AlleyOoper won by resignation"]

1. d4 Nf6 2. c4 c5 3. d5 g6 4. Nc3 Bg7 5. e4 d6 6. Nf3 O-O 7. Be2 e6 8. O-O exd5 9. cxd5 Re8 10. Nd2 Na6 11. f3 Nc7 12. a4 Bd7 13. Nc4 Bf8 14. Bf4 Bc8 15. Qd2 a6 16. a5 Rb8 17. Na4 Nb5 18.
Nxc5 Nh5 19. Na4 Nxf4 20. Qxf4 Bg7 21. Bd3 Nd4 22. Qxd6 Bd7 23. Nab6 Bb5 24. Qxd8 Rbxd8 25. f4 Nb3 26. Ra3 Nc5 27. e5 Nxd3 28. Rxd3 Bf8 29. d6 f6 30. b3 fxe5 31. fxe5 Bg7 32. Re1 Bxe5 33. Rxe5 Rxe5 34. Nxe5 Bxd3 35. Nxd3 Rxd6 36.
Nc5 Rd1+ 37. Kf2 Rb1 38. Nd5 Kf7 39. b4 Rd1 40. Nc3 Rd2+ 41. Ne2 Rb2 42. Nxb7 Rxb4 43. Nc5 Rb5 44. Nxa6 Rxa5 45. Nb4 Ra4 46. Nd5 Ra2 47.
Nc3 Rc2 48. Kf3 Rb2 49. Ne4 Kg7 50. h4 Rb3+ 51. N2c3 Ra3 52. Kf4 Rb3 53. g3 Rb8 54.
Nd5 Rf8+ 55. Ke3 Rf1 56. Nf4 Re1+ 57. Kf2 Rxe4 58. Kf3 Re8 59. Kg4 Kf6 60. Nd5+ Kg7 61. Nf4 Re5 62. Kf3 Kf6 63. Ng2 Ra5 64. Ne3 Ra3 65. Kf4 Ra4+ 66. Kf3 Ke5 67. Ng4+ Kf5 68. Ne3+ Kf6 69. Ng4+ Ke6 70. Ne3 h5 71. Ng2 Kf5 72. Ne3+ Ke5 73. Ng2 Ra3+ 74. Kf2 Ke4 75. Nf4 Rf3+ 76.
Kg2 Rxf4 77. gxf4 Kxf4 78. Kh3 Kf3 79. Kh2 Kg4 80. Kg2 Kxh4 81. Kf3 Kg5 82. Kg3 h4+ 83.
Kh3 Kh5 0-1

[Event "*** Titled Tuesday Blitz"]
[Site "Chess.com"]
[Date "2020.12.29"]
[Round "2"]
[White "frederiksvane"]
[Black "Yoda1992"]
[Result "1-0"]
[WhiteElo "2744"]
[BlackElo "2502"]
[TimeControl "180+1"]
[EndTime "10:19:12 PST"]
[Termination "frederiksvane won by checkmate"]

1. e4 c5 2. Nf3 d6 3. Bb5+ Bd7 4. c4 Nc6 5. O-O Nf6 6. Nc3 e6 7. d4 cxd4 8. Nxd4 Be7 9. Be3 O-O 10. h3 a6 11. Bxc6 bxc6 12. c5 d5 13. e5 Ne8 14. b4 Rb8 15. Qa4 Qc7 16. Nf3 f6 17. Bd4 f5 18. a3 Ra8 19. Qc2 g6 20. Na4 Ng7 21. Nb6 Ra7 22. Nd2 f4 23. Nb3 f3 24. g3 Nf5 25. Rfe1 Qd8 26. Qd3 Bh4 27. Kh2 Qg5 28. Rg1 Be8 29. Nd2 Qh6 30. Nxf3 Raf7 31. Nxh4 Nxh4 32. f4 Rxf4 33. gxf4 Qxf4+ 34. Rg3 Nf3+ 35. Qxf3 Qxd4 36. Rd1 Qb2+ 37. Qg2 Rf2 38. Nc8 Rxg2+ 39. Rxg2 Qxe5+ 40. Kh1 Qc7 41. Nd6 Bd7 42. Re2 Qd8 43.
Rf1 Qh4 44. Kh2 Qh5 45. Ref2 Qe5+ 46. Kh1 Qe3 47. Rf8+ Kg7 48. R8f3 Qe2 49. R1f2 Qe1+ 50. Kg2 Qe5 51. Rf7+ Kh6 52. Rxd7 Qg5+ 53. Kh2 Qe5+ 54.
Kh1 Qe1+ 55. Kg2 Qe3 56. Rdf7 Qxa3 57. Re7 Qxb4 58. Nf7+ Kh5 59. Rxe6 Qxc5 60. Re5+ g5 61. Rxg5+ Kh4 62. Rf4# 1-0

[Event "*** Titled Tuesday Blitz"]
[Site "Chess.com"]
[Date "2020.12.29"]
[Round "2"]
[White "ckgchess"]
[Black "Lion-Al-Messi"]
[Result "0-1"]
[WhiteElo "2771"]
[BlackElo "2536"]
[TimeControl "180+1"]
[EndTime "10:19:13 PST"]
[Termination "Lion-Al-Messi won on time"]

1. e4 b6 2. d4 Bb7 3. Bd3 e6 4. Nf3 c5 5. d5 exd5 6. exd5 Bxd5 7. O-O Nf6 8. Nc3 Be6 9. Ng5 Nc6 10. f4 Bg4 11. Qe1+ Be7 12. h3 Bh5 13. g4 h6 14. gxh5 hxg5 15. fxg5 Nxh5 16. g6 f6 17. Be4 Ne5 18. Bxa8 Qxa8 19. Qe4 Qxe4 20. Nxe4 d5 21. Nc3 Ng3 22. Rd1 d4 23. Kg2 Nf5 24. Nd5 Nh4+ 25. Kg3 Nf5+ 26. Kg2 Nh4+ 27. Kf2 Nhxg6 28. Kg2 Nh4+ 29. Kf2 Nhg6 30. Kg2 Bd6 31. c3 Nh4+ 32. Kf2 Nf5 33. cxd4 cxd4 34. Kg2 Nh4+ 35. Kf2 Bc5 36. b4 Bd6 37. Rxd4 Nf5 38. Rd1 Rxh3 39. Kg2 Rg3+ 40. Kf1 Ng4 41. Ke2 Rg2+ 42. Kf3 Nh4+ 43. Ke4 f5+ 44. Kd3 Nf2+ 45. Kc2 Nxd1+ 46. Kxd1 Nf3 47. Be3 f4 48. Bc1 g5 49. Rb1 Be5 50. Rb3 g4 51. Bxf4 Rg1+ 52. Ke2 Nd4+ 53. Kd3 Nxb3 54. Bxe5 Nc1+ 55.
Ke4 Nxa2 56. Kf5 g3 57. Ke6 g2 58. Nc7+ Kd8 0-1

[Event "*** Titled Tuesday Blitz"]
[Site "Chess.com"]
[Date "2020.12.29"]
[Round "2"]
[White "ZatonskihAnna"]
[Black "Evgeny81"]
[Result "1/2-1/2"]
[WhiteElo "2519"]
[BlackElo "2723"]
[TimeControl "180+1"]
[EndTime "10:19:13 PST"]
[Termination "Game drawn by repetition"]

1. e4 e5 2. Nf3 Nc6 3. Nc3 Nf6 4. d4 exd4 5. Nxd4 Bb4 6. Nxc6 bxc6 7. Bd3 d5 8. Bd2 O-O 9. O-O Rb8 10. exd5 cxd5 11. h3 c6 12. Rb1 Bd6 13. Qf3 Be6 14. b3 Re8 15. Rbd1 Nd7 16. Bf4 Qc7 17. Bxd6 Qxd6 18. Rfe1 h6 19. Qe3 Qc5 20. Na4 Qxe3 21. Rxe3 Kf8 22.
Rde1 d4 23. Re4 Bd5 24. Rxe8+ Rxe8 25. Rxe8+ Kxe8 26. f4 Ke7 27. Kf2 Kd6 28. g3 Nf6 29. Ke2 Be6 30. h4 Nd5 31. Kd2 c5 32. c3 Ne3 33. cxd4 cxd4 34. Nb2 Bd5 35. Ke2 Kc5 36. Nd1 Nxd1 37. Kxd1 Kb4 38. Kc2 Ka3 39. Kb1 a5 40. Ka1 f6 41. Kb1 g5 42. hxg5 hxg5 43. fxg5 fxg5 44.
Ka1 Bc6 45. Kb1 Bf3 46. Ka1 Bd5 47. Kb1 Be6 48. Ka1 a4 49. bxa4 Kxa4 50. Kb2 Kb4 51. a3+ Kc5 52. Kc2 Bd7 53. Kd2 Bg4 54. Kc2 Be6 55. Kd2 Kb6 56. Kc2 Ka5 57. Kb2 Kb6 58. Kc2 Kc5 59. Kd2 Bd7 60. Kc2 Be6 1/2-1/2

[Event "*** Titled Tuesday Blitz"]
[Site "Chess.com"]
[Date "2020.12.29"]
[Round "2"]
[White "2nd_life"]
[Black "Blitzking642"]
[Result "1-0"]
[WhiteElo "2482"]
[BlackElo "2302"]
[TimeControl "180+1"]
[EndTime "10:19:14 PST"]
[Termination "2nd_life won on time"]

1. e4 c5 2. Nf3 Nc6 3. Bb5 g6 4. Bxc6 dxc6 5. h3 Bg7 6. Qe2 e5 7. a3 a5 8. d3 Qe7 9. Nbd2 Nf6 10. Nc4 Nd7 11. a4 O-O 12. Bd2 b6 13. b3 Ba6 14.
Bc3 Rab8 15. g4 Rfe8 16. h4 h6 17. h5 g5 18. Ne3 Nf8 19. Nf5 Qc7 20. Qd2 Ne6 21.
Ng1 Nf4 22. Nh3 f6 23. Nxf4 exf4 24. f3 Bc8 25. O-O Bxf5 26. gxf5 Qf7 27. Qh2 Bf8 28. Kg2 Bd6 29. Rad1 Be5 30. Bxe5 fxe5 31. Ra1 Kg7 32. Qh3 Kf6 33. Qg4 Ra8 34. Ra2 Ra7 35. Rfa1 Rea8 36.
Kh3 b5 37. Kh2 Qd7 38. Kh3 Qd4 39. Qg2 c4 40. axb5 cxb5 41. bxc4 bxc4 42. Qe2 cxd3 43. Qxd3 Qxd3 44. cxd3 a4 45. Ra3 Ra6 46. Kg4 Ke7 47. Rb1 R8a7 48. Rb5 Kf6 49. Rb4 Ra8 50. d4 exd4 51. Rxd4 R8a7 52. Rd5 Ra8 53. e5+ Kf7 54. Rb5 R8a7 55. Rc5 Ra5 56. Rxa5 Rxa5 57. e6+ Kf6 58.
Rc3 a3 59. Rc7 Ke5 60. e7 Ra8 61. Ra7 1-0

[Event "*** Titled Tuesday Blitz"]
[Site "Chess.com"]
[Date "2020.12.29"]
[Round "2"]
[White "MattyDPerrine"]
[Black "Michaelson_11"]
[Result "0-1"]
[WhiteElo "2403"]
[BlackElo "2213"]
[TimeControl "180+1"]
[EndTime "10:19:14 PST"]
[Termination "Michaelson_11 won by resignation"]

1. e4 e6 2. d4 d5 3. Nc3 Bb4 4. e5 c5 5. a3 Ba5 6. Qg4 Ne7 7. b4 cxd4 8. Nb5 Bc7 9. f4 Nf5 10. Bd3 h5 11. Qf3 a6 12. Nxc7+ Qxc7 13. Ne2 Nc6 14. O-O Qb6 15. Kh1 Nce7 16. Bd2 Bd7 17. a4 Rc8 18.
Rfc1 g6 19. Qf2 O-O 20. c3 Ne3 21. cxd4 Nc4 22. Bc3 Nf5 23. g3 Nfe3 24. h3 Rc7 25. Bxc4 Nxc4 26. g4 hxg4 27. hxg4 Rfc8 28. Kg2 Kf8 29.
Rh1 Ke7 30. b5 axb5 31. Bb4+ Kd8 32. Rh8+ Be8 33. Bc5 Qc6 34. axb5 Qxb5 35. Qh4+ Kd7 36. Ra7 Kc6 37. Qf6 b6 38. Rxc7+ Rxc7 39. Rxe8 bxc5 40. dxc5 Qxc5 41. Rd8 Qe3 42. Ng3 Nd2 43. Ra8 Qf3+ 44. Kh3 Nf1 45. Qh4 Qxg3+ 46. Qxg3 Nxg3 47. Kxg3 Kc5 48. Ra2 Kd4 49. Rd2+ Ke3 50. Rf2 d4 51. Rf3+ Ke4 52.
Rf1 Rc3+ 53. Kh4 d3 54. Kg5 Ke3 55. Kf6 Rc7 56. f5 gxf5 57. gxf5 exf5 58. Kxf5 Ke2 59. Ra1 d2 60. Ra2 Ke1 0-1